 Dungeon Crawl Stone Soup version 0.27.0-1-g7a089689b8 (webtiles) character file.

Game seed: 6654696532704603728

268 Anothat the Skirmisher (level 6, -6/36 HPs)
             Began as a Gargoyle Fighter on July 31, 2021.
             Was a Follower of Hepliaklqana.
             Mangled by an orc warrior (18 damage)
             ... on level 4 of the Dungeon.
             The game lasted 00:02:47 (3454 turns).

Anothat the Skirmisher (Gargoyle Fighter)           Turns: 3454, Time: 00:02:47

Health: -6/36      AC: 11    Str: 21    XL:     6   Next: 21%
Magic:  6/6        EV:  7    Int:  9    God:    Hepliaklqana [*.....]
Gold:   207        SH:  9    Dex:  9    Spells: 5/5 levels left

rFire    . . .     SeeInvis .   a - +0 flail
rCold    . . .     Faith    .   c - +0 kite shield
rNeg     + . .     Spirit   .   b - +0 scale mail
rPois    ∞         Reflect  .   (no helmet)
rElec    +         Harm     .   (no cloak)
rCorr    .         Rampage  .   (no gloves)
Will     .....                  (no boots)
Stlth    ..........             (no amulet)
HPRegen  0.12/turn              j - +4 ring of slaying
MPRegen  0.10/turn              (no ring)

@: mighty
A: reduced essence, sickness immunity, AC +4, negative energy resistance 1,
electricity resistance, torment resistance 1, petrification resistance
a: Renounce Religion, Recall Ancestor, Ancestor Identity


You were on level 4 of the Dungeon.
You worshipped Hepliaklqana.
Hepliaklqana was aware of your devotion.
You visited 1 branch of the dungeon, and saw 4 of its levels.

You collected 207 gold pieces.

Inventory:

Hand Weapons
 a - a +0 flail (weapon)
Missiles
 o - a throwing net (quivered)
Armour
 b - a +0 scale mail (worn)
 c - a +0 kite shield (worn)
Jewellery
 j - a +4 ring of slaying (left hand)
Scrolls
 e - a scroll of noise {unknown}
 f - a scroll of teleportation {unknown}
 h - 2 scrolls of identify {unknown}
 i - a scroll of immolation {unknown}
 m - a scroll of amnesia {unknown}
 n - a scroll of vulnerability {unknown}
Potions
 g - a potion of degeneration {unknown}
 k - a potion of flight {unknown}
 l - a potion of mutation {unknown}
 p - a potion of lignification {unknown}


   Skills:
 * Level 5.1 Fighting
 + Level 3.5 Maces & Flails
 + Level 4.4 Armour
 + Level 4.3 Shields


You had 5 spell levels left.
You didn't know any spells.
Your spell library contained the following spells:

 Spells                   Type           Power      Damage    Failure   Level
 Shock                    Conj/Air       0%         1d3       99%         1
 Swiftness                Air            0%         N/A       100%        3
 Airstrike                Air            0%         N/A       100%        4


Dungeon Overview and Level Annotations

Branches:
Dungeon (4/15)
 Temple: D:4-7

Altars:
Ashenzari
Dithmenos
Hepliaklqana


Innate Abilities, Weirdness & Mutations

Your life essence is reduced to manifest your ancestor. (-10% HP)
You are immune to sickness and miasma.
Your stone body is resilient. (AC +4)
You are immune to poison.
You resist negative energy. (rN+)
You are resistant to electric shocks. (rElec)
You are resistant to unholy torment.
You are immune to petrification.


Message History

You kill the orc!
The orc misses Quintus.
The orc hits Quintus with a +0 club.
The orc warrior barely misses you.
The orc closely misses Quintus.
Quintus barely misses the orc.
The orc hits you but does no damage. You block the orc warrior's attack.
Quintus closely misses the orc.
Things that are here:
a +0 hand axe; an orc corpse You barely miss the orc warrior.
You block the orc's attack.
The orc warrior hits you with a +0 halberd!
Quintus hits the orc.
The orc wizard hits you but does no damage.
The orc hits you but does no damage. You block the orc warrior's attack.
You hit the orc warrior.
The orc warrior is lightly wounded.
Quintus hits the orc.
You block the orc's attack.
The orc wizard hits Quintus but does no damage.
The orc warrior hits you with a +0 halberd!
You barely miss the orc warrior.
The orc warrior is lightly wounded.
Quintus barely misses the orc.
The orc wizard barely misses you. You block the orc warrior's attack.
The orc hits Quintus but does no damage.
The orc barely misses you.
The orc wizard hits you with a +0 dagger.
The orc warrior hits you but does no damage.
You sock the orc warrior!
The orc warrior is heavily wounded.
The orc barely misses Quintus.
The orc hits you but does no damage.
Quintus hits the orc.
The orc wizard closely misses you. You block the orc warrior's attack.
You closely miss the orc warrior.
The orc warrior is heavily wounded.
The orc barely misses Quintus.
The orc hits you with a +0 club.
Quintus hits the orc.
The orc dies!
You block the orc wizard's attack.
The orc warrior hits you with a +0 halberd!!
Ouch! That really hurt!
You die...

...............
................
.................
.................
.................
#................
#.......oo......
#.......@R).....
#.....)..o......
#......<........
#...............
#................
##..............#
#.............##
≈≈............##
≈.............#


You could see the friendly Quintus the ancestor, an orc warrior, an orc wizard
and an orc.

Vanquished Creatures
  A black bear (D:3)
  An ogre (D:4)
  Jessica (D:2)
  An adder (D:3)
  2 worms
  4 orcs
  A bat (D:1)
  6 endoplasms
  A giant cockroach (D:1)
  7 goblins
  4 hobgoblins
  8 jackals
  A quokka (D:3)
  3 ball pythons (D:1)
  A frilled lizard (D:1)
  2 kobolds
  7 rats
51 creatures vanquished.

Vanquished Creatures (collateral kills)
  An orc (D:4)
1 creature vanquished.

Vanquished Creatures (others)
  A plant (D:1)
  2 toadstools (D:1)
3 creatures vanquished.

Grand Total: 55 creatures vanquished

Notes
Turn   | Place    | Note
-------+----------+-------------------------------------------
     0 | D:1      | Anothat the Gargoyle Fighter began the quest for the Orb.
     0 | D:1      | Reached XP level 1. HP: 14/14 MP: 1/1
   231 | D:1      | Found a faded altar of an unknown god.
   245 | D:1      | Reached XP level 2. HP: 15/19 MP: 2/2
   932 | D:1      | Reached XP level 3. HP: 22/23 MP: 3/3
  1564 | D:2      | Found a hazy altar of Hepliaklqana.
  1602 | D:2      | Became a worshipper of Hepliaklqana the Forgotten
  1815 | D:2      | Noticed Jessica
  1824 | D:2      | Killed Jessica
  1825 | D:2      | Reached skill level 4 in Fighting
  1825 | D:2      | Reached XP level 4. HP: 19/29 MP: 4/4
  2224 | D:3      | Found a hazy altar of Hepliaklqana.
  2407 | D:3      | Found a broken altar of Ashenzari.
  2442 | D:3      | Found a shadowy altar of Dithmenos.
  2606 | D:3      | Reached * piety under Hepliaklqana
  3103 | D:3      | Noticed a black bear
  3112 | D:3      | Killed a black bear
  3113 | D:3      | Reached XP level 5. HP: 9/30 MP: 5/5
  3441 | D:4      | Noticed an ogre
  3443 | D:4      | Noticed an orc warrior
  3447 | D:4      | Killed an ogre
  3448 | D:4      | Reached skill level 5 in Fighting
  3448 | D:4      | Reached XP level 6. HP: 36/36 MP: 6/6
  3454 | D:4      | Mangled by an orc warrior

Illustrated notes

Levels and vault maps discovered:
D:1:      matt_arrival_los_fun, layout_basic, shapermc_ecumenical_altar_ellora,
          minmay_gold_behind_fungi
D:2:      layout_loops_cross, basic_altar, uniq_jessica
D:3:      layout_loops_corners, mainiacjoe_overflow_surrounded_room,
          mainiacjoe_overflow_brackets, nicolae_dithmenos_shadow_blocks,
          dk_noncrumbling_2
D:4:      layout_layer_cave, nicolae_overflow_hidden_temple,
          gup_sewer_entry_pipe

Skill      XL: |  1  2  3  4  5 |
---------------+----------------+-----
Fighting       | 4 5 |  5.1
Maces & Flails | 3 |  3.5
Armour         | 4 |  4.4
Shields        | 4 |  4.3

Action                   |  1- 3 |  4- 6 || total
-------------------------+-------+-------++-------
Melee: Flail             |    86 |    66 ||   152
  Use: Potion            |       |     1 ||     1
Armor: Scale mail        |    55 |    40 ||    95
Dodge: Dodged            |    34 |    32 ||    66
Block: Kite shield       |    47 |    36 ||    83
